 Dungeon Crawl Stone Soup version 0.18-a0-1225-g5d63bca (webtiles) character file.

3956 Duffy the Basher (level 10, -3/56 HPs)
             Began as a Vine Stalker Fighter on Feb 3, 2016.
             Was a Believer of Cheibriados.
             Slain by a komodo dragon (14 damage)
             ... on level 9 of the Dungeon.
             The game lasted 00:09:42 (6997 turns).

Duffy the Basher (Vine Stalker Fighter)             Turns: 6997, Time: 00:09:42

Health: -3/56      AC: 13    Str: 26    XL:     10   Next: 21%
Magic:  0/11       EV:  7    Int: 12    God:    Cheibriados [**....]
Gold:   267        SH:  0    Dex: 18    Spells: 1 memorised, 6 levels left

rFire  . . .     SeeInvis .     B - +2 whip (elec)
rCold  . . .     Gourm    .     H - +0 plate armour
rNeg   . . .     Faith    .     (no shield)
rPois  .         Spirit   +     m - +0 helmet
rElec  .         Dismiss  .     (no cloak)
rCorr  .         Reflect  .     (no gloves)
SustAt +         Harm     .     (no boots)
MR     +....                    (no amulet)
Stlth  ..........               (no ring)
                                E - ring of sustain attributes

@: very slow, somewhat resistant to hostile enchantments, extremely unstealthy
A: fangs 3, regeneration 2, magic shield, antimagic bite, no device heal 3, rot
immunity
a: Bend Time, Renounce Religion


You were on level 9 of the Dungeon.
You worshipped Cheibriados.
Cheibriados was pleased with you.
You were not hungry.

You visited 2 branches of the dungeon, and saw 10 of its levels.

You collected 487 gold pieces.
You spent 220 gold pieces at shops.


Innate Abilities, Weirdness & Mutations

You have razor-sharp teeth.
You heal very quickly.
When hurt, damage is shared between your health and your magic reserves.
Your bite disrupts and absorbs the magic of your enemies.
Potions and wands cannot restore your health.
You are immune to rotting.


   Skills:
 - Level 8.0 Fighting
 + Level 9.6 Maces & Flails
 + Level 5.6 Armour
 - Level 2.6 Shields


You had 6 spell levels left.
You knew the following spells:

 Your Spells              Type           Power        Failure   Level  Hunger
r - Regeneration          Chrm/Necr      #.........   100%        3    ####...

Inventory:

Hand Weapons
 B - a +2 whip of electrocution (weapon)
Missiles
 n - 21 poisoned needles
Armour
 c - a +0 shield
 m - a +0 helmet (worn)
 H - a +0 plate armour (worn)
Jewellery
 E - a ring of sustain attributes (left hand)
Wands
 b - a wand of confusion (32/48)
 t - a wand of heal wounds (5/9) (quivered)
Scrolls
 h - 6 scrolls of teleportation
 o - a scroll of identify
 q - 4 scrolls of remove curse
 s - 3 scrolls of fear
 u - 4 scrolls of fog
 x - 2 scrolls of enchant weapon
 y - 2 scrolls of enchant armour
 z - a scroll of silence
 A - a scroll of magic mapping {unknown}
 F - a scroll of brand weapon {unknown}
Potions
 a - 7 potions of might
 d - a potion of ambrosia {unknown}
 e - 2 potions of mutation {unknown}
 k - 8 potions of curing
 v - 2 potions of cure mutation
 G - a potion of agility {unknown}
Comestibles
 f - 3 bread rations
 g - a beef jerky
 i - a chunk of flesh
 j - 5 meat rations
 l - a royal jelly
 C - 5 fruits

Dungeon Overview and Level Annotations

Branches:
Dungeon (9/15)             Temple (1/1) D:7            Lair (0/8) D:8
    Orc: D:9-12

Altars:
Ashenzari
Cheibriados
Dithmenos
Elyvilon
Fedhas
Gozag
Kikubaaqudgha
Makhleb
Nemelex Xobeh
Okawaru
Pakellas
Qazlal
Ru
Sif Muna
Trog
Vehumet
Xom
Yredelemnul
Zin
The Shining One

Shops:
D:4 }   D:5 !   D:6 *


Message History

You hit the quokka skeleton but do no damage.
Your bite misses the quokka skeleton. You hit the quokka skeleton.
There is a sudden explosion of sparks!
You destroy the quokka skeleton!
Cheibriados appreciates the change of pace.
No target in view!
No target in view!
A komodo dragon comes into view.
The komodo dragon hisses angrily.
The komodo dragon bites you!!
You hit the komodo dragon but do no damage.
There is a sudden explosion of sparks!
You bite the komodo dragon, but do no damage.
The komodo dragon is heavily wounded.
You barely miss the komodo dragon. You bite the komodo dragon.
You drain its power.
You feel invigorated.
The komodo dragon is heavily wounded.
The komodo dragon bites you!!
You are too injured to fight recklessly!
You are too injured to fight recklessly!
You are too injured to fight recklessly!
You whack the komodo dragon! You bite the komodo dragon. You drain its power.
You feel invigorated.
The komodo dragon is almost dead.
The komodo dragon bites you but does no damage.
You closely miss the komodo dragon.
The komodo dragon is almost dead.
You hit the komodo dragon but do no damage.
Your bite misses the komodo dragon.
The komodo dragon is almost dead.
The komodo dragon bites you!!
You hit the komodo dragon. Your bite misses the komodo dragon.
The komodo dragon is almost dead.
The komodo dragon bites you!!
You die...

........#
#....
........#
#...#
#######.#
#...# #.#
#...# #.#
#####...# #.#
. #.......#
#.#
....##.......#
#.#
#....l@.....#
#.#
###...####..#
#.# #....#
#..# #.#
....## #([#
#.# ..# #..#
#.# # #..# #.#
#..#########.#
#........)...#
#............#


You could see a komodo dragon.

Action                   |  1- 3 |  4- 6 |  7- 9 | 10-12 || total
-------------------------+-------+-------+-------+-------++-------
Melee: Flail             |   113 |   192 |   113 |       ||   418
       Whip              |       |       |   181 |    59 ||   240
  Use: Potion            |       |       |     1 |       ||     1
       Scroll            |       |       |    11 |     2 ||    13
 Stab: Paralysed         |       |     1 |       |       ||     1
  Eat: Chunk             |       |     5 |    12 |     2 ||    19

Notes
Turn   | Place    | Note
--------------------------------------------------------------
     0 | D:1      | Duffy the Vine Stalker Fighter began the quest for the Orb.
     0 | D:1      | Reached XP level 1. HP: 11/11 MP: 2/2
    29 | D:1      | Reached skill level 2 in Maces & Flails
   108 | D:1      | Reached XP level 2. HP: 13/16 MP: 1/3
   337 | D:2      | Noticed Robin
   350 | D:3      | Reached skill level 3 in Fighting
   373 | D:3      | Reached XP level 3. HP: 20/20 MP: 4/4
   506 | D:2      | Found a white marble altar of Elyvilon.
   515 | D:2      | Killed Robin
   609 | D:2      | Reached skill level 3 in Maces & Flails
   614 | D:2      | Reached XP level 4. HP: 19/24 MP: 5/5
  1372 | D:3      | Found a sacrificial altar of Ru.
  1426 | D:3      | Reached XP level 5. HP: 29/29 MP: 6/6
  1690 | D:3      | Reached skill level 4 in Fighting
  1986 | D:4      | Noticed Feta's ghost (amateur HOGl)
  1989 | D:4      | Reached skill level 4 in Maces & Flails
  2003 | D:4      | Killed Feta's ghost
  2003 | D:4      | Gained mutation: You heal very quickly. [Vine Stalker growth]
  2003 | D:4      | Reached XP level 6. HP: 7/34 MP: 7/7
  2133 | D:4      | Noticed Eustachio
  2263 | D:4      | Reached skill level 5 in Fighting
  2263 | D:4      | Reached skill level 5 in Maces & Flails
  2263 | D:4      | Reached XP level 7. HP: 17/39 MP: 8/8
  2502 | D:4      | Found a deep blue altar of Sif Muna.
  2508 | D:4      | Found a shattered altar of Ashenzari.
  2511 | D:4      | Found a burning altar of Makhleb.
  2514 | D:4      | Found an ancient bone altar of Kikubaaqudgha.
  2619 | D:4      | Found a shimmering altar of Xom.
  2642 | D:4      | Found an oddly glowing altar of Pakellas.
  2642 | D:4      | Found Pakellas's Prime Provisions.
  2671 | D:4      | Noticed Sigmund
  2686 | D:4      | Killed Sigmund
  2858 | D:4      | Noticed Dowan
  2861 | D:4      | Noticed Duvessa
  2871 | D:5      | Entered Level 5 of the Dungeon
  3123 | D:5      | Reached skill level 6 in Fighting
  3123 | D:5      | Reached skill level 6 in Maces & Flails
  3123 | D:5      | Gained mutation: You have razor-sharp teeth. [Vine Stalker growth]
  3123 | D:5      | Reached XP level 8. HP: 37/44 MP: 9/9
  3140 | D:5      | Noticed Menkaure
  3146 | D:5      | Killed Menkaure
  3309 | D:5      | Found Foj Kid's Distillery.
  3317 | D:5      | Bought a potion of curing for 33 gold pieces
  3387 | D:5      | Noticed Pikel
  3401 | D:5      | Killed Pikel
  3401 | D:5      | Reached skill level 7 in Fighting
  3401 | D:5      | Reached skill level 7 in Maces & Flails
  3558 | D:5      | Reached XP level 9. HP: 38/50 MP: 8/10
  4082 | D:5      | Bought a potion of might for 44 gold pieces
  4082 | D:5      | Bought a potion of might for 44 gold pieces
  4082 | D:5      | Bought 2 potions of might for 88 gold pieces
  4211 | D:6      | Reached skill level 8 in Fighting
  4235 | D:6      | Reached skill level 8 in Maces & Flails
  4288 | D:6      | Found Qianluosu's General Store.
  4308 | D:6      | Bought a scroll of random uselessness for 11 gold pieces
  4510 | D:6      | Reached skill level 3 in Armour
  4717 | D:7      | Found a glowing golden altar of the Shining One.
  4882 | D:7      | Found a staircase to the Ecumenical Temple.
  4954 | Temple   | Entered the Ecumenical Temple
  4958 | Temple   | Became a worshipper of Cheibriados the Contemplative
  5466 | D:4      | Killed Duvessa
  5466 | D:4      | Reached skill level 4 in Armour
  5468 | D:4      | Killed Dowan
  5620 | D:3      | Killed Eustachio
  5690 | D:8      | Reached skill level 9 in Maces & Flails
  5704 | D:8      | Reached * piety under Cheibriados
  5804 | D:8      | Reached skill level 5 in Armour
  5804 | D:8      | Reached XP level 10. HP: 29/56 MP: 11/11
  5954 | D:8      | Found a staircase to the Lair.
  6845 | D:8      | Identified Dohoick's Guide on Dark Arts (You found it on level 8 of the Dungeon)
  6851 | D:8      | Learned a level 3 spell: Regeneration
  6903 | D:9      | Reached ** piety under Cheibriados
  6997 | D:9      | Slain by a komodo dragon

Vault maps used:
D:1:      mrwooster_arrival_statue_3, serial_bayou_ford_a
D:2:      lemuel_round_altar, minmay_hedge_maze, uniq_robin
D:3:      nicolae_ru_great_annihilating_truth
D:4:      xom_teletrap_fun, grunt_temple_overflow_cloverleaf, serial_curves,
          eino_curves_03, eino_curves_01, eino_curves_01, eino_curves_04,
          johnstein_pakellas_shop, uniq_sigmund, uniq_eustachio, uniq_duvessa
D:5:      kennysheep_spiral_hall, serial_shops, shop, first_bread,
          minmay_misc_feat_tiny, uniq_menkaure, uniq_pikel
D:6:      serial_shops, shop
D:7:      tso_metal_star, minmay_temple_entry_purple_smoke
D:8:      dpeg_oklobed_lair
D:9:      minmay_tri_box, uniq_erica
Temple:   minmay_freezing_vapour_temple_12

Vanquished Creatures
  Pikel Sigmund
  The ghost of Feta the Chopper, an amateur HOGl of Beogh Eustachio Menkaure Duvessa
  An orc warrior
  An eye of draining
  A sky beast
  A necrophage
  8 ogres
  4 phantoms
  6 giant frogs Dowan
  A scorpion
  4 wights
  A crimson imp
  5 hounds
  A centaur zombie
  A jelly
  2 giant frog skeletons
  An orc priest
  A centaur skeleton
  2 orc wizards
  2 iguanas
  4 worker ants
  A hound zombie
  A hound skeleton Robin
  A worker ant zombie
  10 adders
  A gnoll
  2 oozes
  2 adder skeletons
  2 worms
  8 giant geckos
  16 orcs
  10 bats
  3 giant cockroaches
  18 goblins
  12 hobgoblins
  12 jackals
  3 quokkas
  2 giant gecko skeletons
  4 giant newts
  A jackal zombie
  6 kobolds
  A quokka skeleton
  A quokka zombie
  10 rats
  A fungus
183 creatures vanquished.
